 Dungeon Crawl Stone Soup version 0.30.1-4-g462c640d31 (webtiles) character file.

Game seed: 14042783978544213242

360 Gorgoleon the Chopper (level 6, -3/46 HPs)
             Began as a Hill Orc Fighter on Aug 19, 2023.
             Was an Initiate of Beogh.
             Slain by a gnoll sergeant
             ... wielding a +5 vampiric spear
              (6 damage)
             ... on level 3 of the Dungeon.
             The game lasted 00:07:30 (2514 turns).

Gorgoleon the Chopper (Hill Orc Fighter)            Turns: 2514, Time: 00:07:31

Health: -3/46      AC: 10    Str: 21    XL:     6   Next: 65%
Magic:  6/6        EV: 10    Int:  8    God:    Beogh [......]
Gold:   239        SH:  4    Dex: 10    Spells: 5/5 levels left

rFire   . . .        a - +0 war axe
rCold   . . .        c - +0 buckler
rNeg    . . .        b - +0 scale mail
rPois   .            l - +0 helmet
rElec   .            (no cloak)
rCorr   .            (no gloves)
SInv    .            (no boots)
Will    .....        (no amulet) Stlth
                     (no ring)
HPRegen 0.27/turn    (no ring)
MPRegen 0.10/turn

%: no passive effects
@: no status effects
A: iridescent scales 1, frail 1
a: Renounce Religion


You were on level 3 of the Dungeon.
You worshipped Beogh.
Beogh was noncommittal.
You visited 1 branch of the dungeon, and saw 4 of its levels.

You collected 239 gold pieces.

Inventory:

Hand Weapons
 a - a +0 war axe (weapon)
Missiles
 i - 29 stones (quivered)
Armour
 b - a +0 scale mail (worn)
 c - a +0 buckler (worn)
 l - a +0 helmet (worn)
Wands
 k - a wand of polymorph (7)
Scrolls
 j - a scroll of butterflies {unknown}
 n - a scroll of fog {unknown}
 o - 2 scrolls of teleportation {unknown}
 q - 3 scrolls of identify {unknown}
 r - a scroll of poison {unknown}
Potions
 d - 3 potions of might
 f - a potion of curing {unknown}
 g - 2 potions of heal wounds {unknown}
 h - a potion of attraction {unknown}
 m - a potion of degeneration {unknown}
 p - a potion of flight {unknown}
 s - a potion of berserk rage {unknown}


   Skills:
 - Level 4.0 Fighting
 + Level 7.1 Axes
 - Level 4.0 Armour
 - Level 2.0 Dodging
 - Level 4.0 Shields


You had 5 spell levels left.
You didn't know any spells.
Your spell library contained the following spells:

 Spells                   Type           Power      Damage    Failure   Level
 Shock                    Conj/Air       0%         1d3       80%         1
 Swiftness                Air            0%         N/A       99%         3
 Airstrike                Air            0%         2d(0-16)  100%        4


Dungeon Overview and Level Annotations

Branches:
Dungeon (4/15)
 Temple: D:4-7

Altars:
Fedhas


Innate Abilities, Weirdness & Mutations

You are partially covered in iridescent scales. (AC +2)
You are frail. (-10% HP)


Message History

The gnoll sergeant hits you but does no damage.
You slash the gnoll sergeant!
The gnoll sergeant is moderately wounded.
The gnoll sergeant hits you with a +5 vampiric spear!
The gnoll sergeant draws strength from your wounds!
You hit the gnoll sergeant but do no damage.
The gnoll sergeant is lightly wounded.
The gnoll sergeant closely misses you.
You hit the gnoll sergeant.
The gnoll sergeant is moderately wounded.
The gnoll sergeant hits you with a +5 vampiric spear.
The gnoll sergeant completely misses you.
You hit the gnoll sergeant but do no damage.
The gnoll sergeant is moderately wounded.
The gnoll sergeant hits you with a +5 vampiric spear.
You barely miss the gnoll sergeant.
The gnoll sergeant is moderately wounded.
You block the gnoll sergeant's attack.
You slash the gnoll sergeant!
The gnoll sergeant is heavily wounded.
The gnoll sergeant hits you but does no damage.
You barely miss the gnoll sergeant.
The gnoll sergeant is heavily wounded.
The gnoll sergeant hits you with a +5 vampiric spear!
* * * LOW HITPOINT WARNING * * *
The gnoll sergeant draws strength from your wounds!
You closely miss the gnoll sergeant.
The gnoll sergeant is moderately wounded.
You block the gnoll sergeant's attack.
You hit the gnoll sergeant but do no damage.
The gnoll sergeant is moderately wounded.
The gnoll sergeant hits you with a +5 vampiric spear.
* * * LOW HITPOINT WARNING * * *
The gnoll sergeant hits you with a +5 vampiric spear.
* * * LOW HITPOINT WARNING * * *
It was a potion of mutation.
You feel extremely strange.
Iridescent scales grow over part of your body.
You feel a little pissed off.
You feel frail.
You feel a little more calm.
The gnoll sergeant hits you with a +5 vampiric spear.
You die...

#..........# ##.. #..........#
##..# #..........# ###..##
#...^......##############...##
#.........................#####
#..........####............)...
#..........####.###############
#...........##.g#
###########...@## # ##...##
##.)...## ##
##.....####..###..## ###.
#.......#...##
##..###########...
#.........### ##........#....#.
#.......### #########........
##.....## #.....##.......>.
#.......##### #.........######.
#...........#####.....##.## ##


You could see a gnoll sergeant.

Vanquished Creatures
  Sigmund (D:2)
  Terence (D:2)
  Robin (D:2)
  4 adders
  2 gnolls
  2 worms (D:2)
  2 dart slugs
  3 orcs (D:3)
  9 endoplasms
  2 giant cockroaches
  16 goblins
  11 hobgoblins
  4 jackals (D:1)
  3 kobolds
  6 ball pythons
  6 bats
  A frilled lizard (D:1)
  4 rats
78 creatures vanquished.

Vanquished Creatures (others)
  An orc (D:3)
1 creature vanquished.

Grand Total: 79 creatures vanquished

Notes
Turn   | Place    | Note
-------+----------+-------------------------------------------
     0 | D:1      | Gorgoleon the Hill Orc Fighter began the quest for the Orb.
     0 | D:1      | Reached XP level 1. HP: 19/19 MP: 1/1
    51 | D:1      | Reached skill level 3 in Axes
   110 | D:1      | Reached XP level 2. HP: 25/26 MP: 2/2
   133 | D:1      | Reached skill level 1 in Dodging
   293 | D:1      | Reached XP level 3. HP: 31/31 MP: 3/3
   467 | D:1      | Reached skill level 4 in Axes
   838 | D:2      | Reached XP level 4. HP: 35/40 MP: 4/4
   921 | D:2      | Noticed Robin
   986 | D:2      | Noticed Terence
  1046 | D:2      | Killed Terence
  1188 | D:2      | Reached XP level 5. HP: 40/46 MP: 5/5
  1194 | D:2      | Reached skill level 5 in Axes
  1214 | D:2      | Killed Robin
  1558 | D:2      | Noticed Sigmund
  1579 | D:2      | Killed Sigmund
  1580 | D:2      | Reached skill level 6 in Axes
  1580 | D:2      | Reached XP level 6. HP: 24/52 MP: 6/6
  1838 | D:3      | Found a blossoming altar of Fedhas.
  2223 | D:3      | Became a worshipper of Beogh the Brigand
  2427 | D:3      | Reached skill level 7 in Axes
  2514 | D:3      | Gained mutation: You are partially covered in iridescent
                  | scales. (AC +2) [potion of mutation]
  2514 | D:3      | Gained mutation: You sometimes lose your temper in combat.
                  | [potion of mutation]
  2514 | D:3      | Gained mutation: You are frail. (-10% HP) [potion of
                  | mutation]
  2514 | D:3      | Lost mutation: You sometimes lose your temper in combat.
                  | [potion of mutation]
  2514 | D:3      | Slain by a gnoll sergeant

Illustrated notes

Levels and vault maps discovered:
D:1:      lightli_arrival_quake, layout_rooms, dreamdust_wishing_well
D:2:      layout_rooms, uniq_sigmund, uniq_terence, uniq_robin
D:3:      layout_rooms, fedhas_altar_1, columned_hall_lemuel,
          guppyfry_early_orc_mine
D:4:      layout_rooms, demons_altar, minmay_temple_entry_nine_rooms

Skill      XL: |  1  2  3  4  5  6 |
---------------+-------------------+-----
Axes           | 3 4 6 7 |  7.1
Dodging        | 1 2 |  2.0
Fighting       | 4 |  4.0
Armour         | 4 |  4.0
Shields        | 4 |  4.0

Action                     |  1- 3 |  4- 6 || total
---------------------------+-------+-------++-------
  Melee: War axe           |    72 |   156 ||   228
         Unarmed           |       |    19 ||    19
 Invoke: Convert to Beogh  |       |     1 ||     1
    Use: Potion            |       |     2 ||     2
 Armour: Scale mail        |    39 |    50 ||    89
  Dodge: Dodged            |    38 |    65 ||   103
  Block: Buckler           |    21 |    36 ||    57
